 Dungeon Crawl Stone Soup version 0.31-a0-193-gdfe2569204 (webtiles) character file.

Game seed: 11119570459394539251

479 qw the Skirmisher (level 6, -3/36 (38) HPs)
             Began as a Deep Elf Hunter on June 24, 2023.
             Slain by an orc warrior
             ... wielding a +0 trident
              (10 damage)
             ... on level 5 of the Dungeon.
             The game lasted 00:01:09 (3118 turns).

qw the Skirmisher (Deep Elf Hunter)                 Turns: 3118, Time: 00:01:10

HP:   -3/36 (38)    AC:  4    Str: 10    XL:     6   Next: 86%
MP:   7/7           EV: 12    Int: 14    God:
Gold: 116           SH:  0    Dex: 18    Spells: 5/5 levels left

rFire   . . .        Y - +0 shortbow (drain)
rCold   . . .        (shield currently unavailable)
rNeg    . . .        e - +0 ring mail
rPois   .            f - +1 helmet {SInv}
rElec   .            (no cloak)
rCorr   +            (no gloves)
SInv    +            (no boots)
Will    .....        (no amulet)
Stlth   ++           d - ring of resist corrosion
HPRegen 0.26/turn    (no ring)
MPRegen 0.10/turn

%: no passive effects
@: about to teleport, drained
A: deformed body, low MP 1, robust 1, sturdy frame 1
a: no special abilities


You were on level 5 of the Dungeon.
You visited 1 branch of the dungeon, and saw 5 of its levels.

You collected 116 gold pieces.


Innate Abilities, Weirdness & Mutations

Armour fits poorly on your strangely shaped body.
Your magical capacity is low. (-10% MP)
You are robust. (+10% HP)
Your movements are slightly less encumbered by armour. (ER -2)


   Skills:
 - Level 2.2 Fighting
 - Level 10.1 Ranged Weapons
 + Level 0.4 Armour
 - Level 3.3 Dodging
 - Level 1.2 Stealth


You had 5 spell levels left.
You didn't know any spells.
Your spell library was empty.

Inventory:

Hand Weapons
 Y - a +0 shortbow of draining (weapon)
Armour
 e - a +0 ring mail (worn)
 f - a +1 helmet of see invisible (worn)
Jewellery
 d - a ring of resist corrosion (left hand)
Scrolls
 l - a scroll of teleportation
Potions
 a - a potion of invisibility {unknown}
 b - a potion of enlightenment {unknown}
 g - 4 potions of curing
 h - a potion of degeneration {unknown}
 k - 3 potions of haste

Dungeon Overview and Level Annotations

Branches:
Dungeon (5/15)
 Temple: D:4-7

Altars:
Cheibriados

Shops:
D:4 *(

Annotations:
D:1 exclusion: gnoll
D:4 2 transporters, qw's ghost, amateur DEHu


Message History

You climb upwards.
Level annotation: 2 transporters, qw's ghost, amateur DEHu
There is a stone staircase leading down here.
You start resting.
HP restored.
Partly explored, unvisited transporter.
(D) Dungeon
Where to? (* - list waypoints, Enter - D:5, ? - help)
What level of the Dungeon? (default 1, ? - help)
You climb downwards.
There is a stone staircase leading up here.
There are monsters nearby!
3111 ||| Stepping ~*~*~tactically~*~*~ (outnumbered).
You shoot an arrow.
The arrow barely misses the orc warrior.
You shoot an arrow. The arrow hits the orc warrior.
The orc warrior is heavily wounded.
The orc warrior closely misses you.
You shoot an arrow. The arrow hits the orc priest!
The orc priest is severely wounded.
The orc warrior hits you from afar with a +0 trident!
The orc priest hits you with a +0 flail.
You shoot an arrow. The arrow hits the orc priest.
You kill the orc priest!
The orc warrior hits you from afar with a +0 trident!
Your Dodging skill increases to level 3!
You shoot an arrow.
The arrow hits the orc but does no damage.
The orc barely misses you.
The orc warrior hits you from afar with a +0 trident.
You shoot an arrow. The arrow hits the orc.
The orc is heavily wounded.
The orc warrior hits you from afar with a +0 trident.
The orc hits you with a +0 flail.
3118 ||| READING 2 scrolls of teleportation.
As you read the scroll of teleportation, it crumbles to dust.
You feel strangely unstable. The orc barely misses you.
The orc warrior hits you from afar with a +0 trident!
You die...

## #. #. #. ##
#. ..# #.
##...##
####.##.......
#..o.@o.......
....#####[......
# .#...## o.
.... .## ##. .#
.# ..


You could see an orc warrior and an orc.

Vanquished Creatures
  An ice beast (D:3)
  A black bear (D:4)
  2 howler monkeys (D:4)
  An orc priest (D:5)
  A sleepcap (D:3)
  An iguana (D:4)
  An orc wizard (D:5)
  A mummy (D:4)
  3 adders (D:3)
  A gnoll (D:1)
  2 worms
  A dart slug (D:4)
  3 orcs
  6 endoplasms
  6 giant cockroaches
  7 goblins
  3 hobgoblins
  4 quokkas
  2 ball pythons
  4 bats
  8 kobolds
  8 rats
67 creatures vanquished.

Notes
Turn   | Place    | Note
-------+----------+-------------------------------------------
     0 | D:1      | qw the Deep Elf Hunter began the quest for the Orb.
     0 | D:1      | Reached XP level 1. HP: 12/12 MP: 3/3
     0 | D:1      | 0 ||| qw: Version: 0.3-a-9-g12657ce
     0 | D:1      | 0 ||| qw: Game counter: 4704
     0 | D:1      | 0 ||| qw: Always use a shield: true
     0 | D:1      | 0 ||| qw: God list: Okawaru
     0 | D:1      | 0 ||| qw: Allow faded altars: false
     0 | D:1      | 0 ||| qw: Do Orc after D:15 true
     0 | D:1      | 0 ||| qw: Do second Lair branch before Depths: true
     0 | D:1      | 0 ||| qw: Lair rune preference: random
     0 | D:1      | 0 ||| qw: Plans: Normal
     0 | D:1      | 0 ||| PLANNING D:1-11
   311 | D:1      | 311 ||| UPGRADING to ring of resist corrosion.
   313 | D:1      | 313 ||| FLEEEEING.
   314 | D:1      | 314 ||| FLEEEEING.
   315 | D:1      | 315 ||| FLEEEEING.
   321 | D:1      | Reached skill level 6 in Ranged Weapons
   321 | D:1      | Reached XP level 2. HP: 11/16 MP: 4/4
   392 | D:1      | Found a faded altar of an unknown god.
   997 | D:1      | 997 ||| READING scroll labelled KELYOV TUC.
   998 | D:1      | 998 ||| READING scroll labelled LUAMUEV TETOUDO.
   999 | D:1      | 999 ||| DRINKING 3 clear potions.
  1000 | D:1      | 1000 ||| DRINKING 3 emerald potions.
  1000 | D:1      | Gained mutation: Your muscles are strong. (Str +4, Int/Dex
                  | -1) [potion of mutation]
  1000 | D:1      | Gained mutation: You are frail. (-10% HP) [potion of
                  | mutation]
  1000 | D:1      | Gained mutation: You have a pair of small horns on your
                  | head. [potion of mutation]
  1001 | D:1      | 1001 ||| DRINKING 2 potions of mutation.
  1001 | D:1      | Lost mutation: You are frail. (-10% HP) [potion of
                  | mutation]
  1001 | D:1      | Lost mutation: You have a pair of small horns on your head.
                  | [potion of mutation]
  1001 | D:1      | Lost mutation: Your muscles are strong. (Str +4, Int/Dex
                  | -1) [potion of mutation]
  1001 | D:1      | Gained mutation: You occasionally shout uncontrollably at
                  | your foes. [potion of mutation]
  1001 | D:1      | Gained mutation: You are occasionally teleported next to
                  | monsters. [potion of mutation]
  1010 | D:1      | 1010 ||| DRINKING potion of mutation.
  1010 | D:1      | Lost mutation: You occasionally shout uncontrollably at
                  | your foes. [potion of mutation]
  1010 | D:1      | Lost mutation: You are occasionally teleported next to
                  | monsters. [potion of mutation]
  1010 | D:1      | Gained mutation: Armour fits poorly on your strangely
                  | shaped body. [potion of mutation]
  1010 | D:1      | Gained mutation: Your magical capacity is low. (-10% MP)
                  | [potion of mutation]
  1010 | D:1      | Gained mutation: You are robust. (+10% HP) [potion of
                  | mutation]
  1010 | D:1      | Gained mutation: Your movements are slightly less
                  | encumbered by armour. (ER -2) [potion of mutation]
  1015 | D:1      | 1015 ||| DROPPING scroll of butterflies.
  1016 | D:1      | 1016 ||| DROPPING 2 potions of attraction.
  1031 | D:2      | 1031 ||| STAIRDANCE
  1096 | D:2      | Reached XP level 3. HP: 22/22 MP: 4/4
  1463 | D:2      | 1463 ||| UPGRADING to +1 helmet of see invisible.
  1468 | D:2      | 1468 ||| UPGRADING to +0 scale mail.
  1478 | D:2      | 1478 ||| DROPPING +0 leather armour.
  1479 | D:2      | 1479 ||| READING scroll labelled OJIPUL LARROYL.
  1480 | D:2      | 1480 ||| READING scroll labelled VEIVAW YQOITRIAVYN.
  1481 | D:2      | 1481 ||| READING scroll labelled MIFELIFEIRGH.
  1486 | D:2      | 1486 ||| READING scroll labelled TIDWOY UHABIJ.
  1487 | D:2      | 1487 ||| READING scroll labelled FAFFUT HEEBA.
  1488 | D:2      | 1488 ||| DRINKING 2 pink potions.
  1558 | D:3      | Reached skill level 7 in Ranged Weapons
  1633 | D:3      | 1633 ||| READING scroll of brand weapon.
  1633 | D:3      | 1633 ||| BRANDING +0 shortbow of flaming.
  1754 | D:3      | Reached XP level 4. HP: 27/27 MP: 5/5
  1993 | D:3      | Reached skill level 8 in Ranged Weapons
  2064 | D:3      | Noticed an ice beast
  2071 | D:3      | Killed an ice beast
  2072 | D:3      | Reached skill level 9 in Ranged Weapons
  2072 | D:3      | Reached XP level 5. HP: 31/31 MP: 6/6
  2198 | D:3      | 2198 ||| UPGRADING to +0 ring mail.
  2208 | D:3      | 2208 ||| DROPPING +0 scale mail.
  2209 | D:3      | 2209 ||| READING scroll labelled QUITOD NYCETS.
  2210 | D:3      | 2210 ||| READING scroll labelled FAOPEI LEKESM.
  2211 | D:3      | 2211 ||| READING scroll labelled QAODUSHORCH.
  2267 | D:3      | 2267 ||| DRINKING 2 fuming clear potions.
  2296 | D:3      | 2296 ||| DROPPING potion of lignification.
  2361 | D:4      | Reached XP level 6. HP: 36/38 MP: 7/7
  2392 | D:4      | Found Dilyffek's General Store.
  2402 | D:4      | 2402 ||| SHOPLISTING potion of mutation (104 gold, have
                  | 80).
  2542 | D:4      | Found a transporter.
  2548 | D:4      | Noticed qw's ghost (amateur DEHu)
  2563 | D:4      | Found a transporter.
  2655 | D:4      | Found a snail-covered altar of Cheibriados.
  2863 | D:4      | Noticed a +0 great mace
  2865 | D:4      | Found Ryshehec's Weapon Emporium.
  2866 | D:4      | Noticed a +0 demon whip
  2873 | D:4      | 2873 ||| DRINKING 4 white potions.
  2978 | D:4      | 2978 ||| DRINKING 2 brown potions.
  2979 | D:4      | 2979 ||| DROPPING potion of magic.
  2995 | D:5      | Entered Level 5 of the Dungeon
  3001 | D:5      | 3001 ||| STAIRDANCE
  3005 | D:4      | Reached skill level 10 in Ranged Weapons
  3053 | D:5      | Noticed an orc warrior
  3058 | D:5      | 3058 ||| STAIRDANCE
  3111 | D:5      | 3111 ||| Stepping ~*~*~tactically~*~*~ (outnumbered).
  3116 | D:5      | Reached skill level 3 in Dodging
  3117 | D:5      | HP: 8/36 [orc warrior/+0 trident (3)]
  3118 | D:5      | 3118 ||| READING 2 scrolls of teleportation.
  3118 | D:5      | Slain by an orc warrior

Levels and vault maps discovered:
D:1:      dpeg_arrival_boxes_within_box, layout_basic,
          shapermc_ecumenical_altar_notcrosses, serial_rivers,
          chequers_serial_rivers_large_a, chequers_serial_rivers_micro_e,
          chequers_serial_rivers_room_a, chequers_serial_rivers_large_b,
          chequers_serial_rivers_micro_b, minmay_statues_item,
          minmay_door_square
D:2:      layout_rooms, st_stairs_2
D:3:      layout_basic
D:4:      layout_basic, slow_altar_2, serial_shops, nicolae_shop_mannequins,
          nicolae_shop_peninsula, gammafunk_ghost_stat_death
D:5:      layout_loops_ring, gammafunk_ghost_split

Skill      XL: |  1  2  3  4  5  6 |
---------------+-------------------+-----
Ranged Weapons | 6 7 9 10 | 10.1
Fighting       | 2 |  2.2
Dodging        | 3 |  3.3
Armour         | |  0.4
Stealth        | |  1.2

Action                     |  1- 3 |  4- 6 || total
---------------------------+-------+-------++-------
   Fire: Shortbow          |   119 |    92 ||   211
    Use: Potion            |     5 |     3 ||     8
         Scroll            |     8 |     4 ||    12
 Armour: Leather armour    |     5 |       ||     5
         Scale mail        |     3 |     2 ||     5
         Ring mail         |       |     4 ||     4
  Dodge: Dodged            |    28 |    26 ||    54

Table legend:
 A = Non-vault XP
 B = Vault XP
 C = Vault XP percentage of total XP
 D = Non-vault monster count
 E = Vault monster count
 F = Vault count percentage of total count
                 A         B        C        D         E       F
            +---------+---------+-------+---------+---------+-------
      Total |     664 |      21 |   3.1 |      64 |       3 |   4.5
            +---------+---------+-------+---------+---------+-------
        D:1 |      36 |       0 |   0.0 |      15 |       0 |   0.0
        D:2 |      20 |       3 |  13.0 |      10 |       2 |  16.7
        D:3 |     235 |       0 |   0.0 |      20 |       0 |   0.0
        D:4 |     297 |      18 |   5.7 |      17 |       1 |   5.6
        D:5 |      76 |       0 |   0.0 |       2 |       0 |   0.0
            +---------+---------+-------+---------+---------+-------
